 Adventure DCSS version bcrawl-1.32 (webtiles) character file.

Game seed: 11609296027718195758

180372 Leeroy the Carver (level 9, -4/48 HPs)
             Began as a Skeleton Skald on Aug 3, 2021.
             Was an Initiate of Gozag.
             Slain by a yak (8 damage)
             ... on level 1 of the Lair of Beasts.
             The game lasted 00:13:29 (8898 turns).

Leeroy the Carver (Skeleton Skald)                  Turns: 8898, Time: 00:13:30

Health: -4/48      AC:  7    Str: 23 (24) XL:     9   Next: 1%
Magic:  0/24       EV: 11    Int: 10 (11) God:    Gozag
Gold:   1083       SH:  3    Dex: 10 (11) Spells: 22/30 levels left
                                        Lives:  0   Deaths: 2

rFire    . . .     SeeInvis .   n - +3 falchion
rCold    + . .     Gourm    +   (no shield)
rNeg     + + +     Faith    .   t - +0 ring mail
rPois    ∞         Spirit   +   (no helmet)
rElec    .         Reflect  .   l - +0 cloak
rCorr    .         Harm     .   m - +0 pair of gloves
MR       +....                  (no boots)
Stlth    +.........             s - amulet of the gourmand
HPRegen  0.16/turn              f - +5 ring of strength
MPRegen  0.19/turn              z - ring of wizardry

@: no status effects
A: no food or potions, cold resistance 1, deterioration 1, negative energy
resistance 3, powered by death 1, torment resistance, unbreathing, magic shield,
sturdy frame 1, spell healing
a: Potion Petition, Call Merchant, Bribe Branch, Renounce Religion


You were on level 1 of the Lair of Beasts.
You worshipped Gozag.
Gozag was most pleased with you.
You were not hungry.

You visited 3 branches of the dungeon, and saw 9 of its levels.

You collected 1265 gold pieces.
You paid 182 gold pieces to Gozag.

Inventory:

Hand Weapons
 a - a +0 long sword
 n - a +3 falchion (weapon)
 r - a +0 rapier
 w - a +0 dagger of venom
 x - a +0 hunting sling
 C - the +2 hand axe of the Hungering Pariah {chop, rElec}
   (You found it on level 6 of the Dungeon)

   It will always inflict at least some extra damage.
   This minimum extra damage increases with your current reserve of magical
   power.
   It insulates you from electricity.
Missiles
 y - 236 sling bullets
 A - 118 poisoned tomahawks (quivered)
 G - a throwing net {=f}
Armour
 b - a +0 leather armour
 g - a +0 scale mail
 l - a +0 cloak (worn)
 m - a +0 pair of gloves (worn)
 t - a +0 ring mail (worn)
Jewellery
 c - an uncursed ring of teleportation
 f - a +5 ring of strength (left hand)
 s - an amulet of the gourmand (around neck)
 z - a ring of wizardry (right hand)
 H - a cursed +4 ring of intelligence {unknown}
Wands
 o - a wand of disintegration (10)
 u - a wand of flame (19)
 v - a wand of polymorph (7)
 B - a wand of random effects (10)
 D - a wand of scattershot (4)
 F - a wand of clouds (7)
Scrolls
 d - 2 scrolls of fear
 e - 5 scrolls of remove curse
 h - 3 scrolls of teleportation
 i - a scroll of identify
 j - 5 scrolls of enchant armour
 k - a scroll of noise
 p - a scroll of blinking
 q - a scroll of fog
 E - a scroll of torment {unknown}


   Skills:
 - Level 2.0 Fighting
 - Level 14.0 Long Blades
 - Level 1.1 Armour
 - Level 2.0 Dodging
 + Level 11.3 Spellcasting
 - Level 1.2 Hexes
 - Level 3.2 Charms


You had 22 spell levels left.
You knew the following spells:

 Your Spells              Type           Power        Failure   Level  Hunger
a - Infusion              Chrm           ##......     1%          1    N/A
b - Song of Slaying       Chrm           ##......     2%          2    N/A
c - Swiftness             Chrm/Air       #.......     4%          2    N/A
d - Spectral Weapon       Hex/Chrm       ##......     8%          3    N/A

Your spell library contained the following spells:

 Spells                   Type           Power        Failure   Level  Hunger
 Ozocubu's Armour         Chrm/Ice       #.......     10%         3    N/A
 Confuse                  Hex            #.......     12%         3    N/A
 Dazzling Orbs            Conj/Hex       #......      14%         3    N/A
 Yara's Violent Unravell  Hex/Tmut       #.........   41%         4    N/A
 Petrify                  Tmut/Erth      #.........   50%         4    N/A
 Metabolic Englaciation   Hex/Ice        #.........   75%         5    N/A
 Mana Rupture             Conj/Hex       #.........   100%        7    N/A
 Regeneration             Chrm/Necr      Unusable     N/A         3    N/A

Dungeon Overview and Level Annotations

Branches:
Dungeon (7/12)             Temple (1/1) D:6            Lair (1/6) D:7

Altars:
Elyvilon
Gozag
Lugonu
Okawaru
Qazlal
Ru
Xom
The Shining One

Annotations:
D:6 3 runed translucent doors, Zardul's ghost, novice TrBe


Innate Abilities, Weirdness & Mutations

You do not eat or drink.
You are immune to poison.
Your flesh is cold resistant. (rC+)
Your body sometimes deteriorates upon taking damage.
You are immune to negative energy. (rN+++)
You regenerate a little health from kills.
You are immune to unholy pain and torment.
You can survive without breathing.
When hurt, damage is shared between your health and your magic reserves.
Your movements are slightly less encumbered by armour. (ER -2)
Casting spells heals you.


Message History

You are too injured to fight recklessly!
You are too injured to fight recklessly!
You are too injured to fight recklessly!
You are too injured to fight recklessly!
You are too injured to fight recklessly!
You hit the yak.
The yak is lightly wounded.
The wolf closely misses you. x2; The yak gores you!
* * * LOW HITPOINT WARNING * * *
You slash the yak!
The yak is moderately wounded.
The blink frog blinks!
You block the wolf's attack. The wolf barely misses you.
The yak gores you but does no damage.
You slash the yak!
The yak is heavily wounded.
The blink frog blinks!
The wolf bites you!
* * * LOW HITPOINT WARNING * * *
The yak gores you!
You die...
Your body crumbles into a pile of gold.

#....#.##......
####.>.##..#......
#..#...#P.##......
##.#..#.'.##......
##..%##P.#.......
###...###.##......
#.....##...+......
##§..####.#####..#
#@Y.#####.####..##
#...§hYh##.............
.....8YhY...............
.....hhF.#..^...........
...8..F8.#..............
......F..#.#......######
.....8...#.##.....#
.#........ #......P
###....##


You could see 4 yaks, 3 blink frogs and 5 wolves.

Vanquished Creatures
  A komodo dragon (D:7)
  A troll (D:7)
  A hornet (D:7)
  4 hippogriffs
  Prince Ribbit (D:6)
  A wyvern (D:7)
  2 basilisks
  3 crocodiles
  A water moccasin (D:7)
  An orc warrior (D:7)
  A swamp drake (D:7)
  A phantom (D:4)
  3 ice beasts
  An ogre (D:4)
  2 centaurs
  Blork the orc (D:6)
  A big kobold (D:4)
  2 bullfrogs
  A gnoll sergeant (D:7)
  3 wights (D:7)
  A howler monkey (D:6)
  A centaur zombie (D:7)
  2 crimson imps
  3 hounds
  An orc priest (D:3)
  A bullfrog skeleton (D:7)
  Jessica (D:2)
  Ijyb (D:5)
  3 orc wizards
  An iguana (D:7)
  6 worker ants
  A killer bee zombie (D:7)
  A hound skeleton (D:4)
  A howler monkey zombie (D:3)
  2 worker ant zombies (D:6)
  6 gnolls (D:7)
  5 adders
  A shadow imp (D:5)
  An ooze (D:1)
  4 worms
  A dart slug (D:1)
  A leopard gecko (D:2)
  24 orcs
  3 giant cockroaches
  7 goblins
  6 hobgoblins
  6 jackals
  9 kobolds
  2 quokkas
  9 bats
  5 frilled lizards
  2 quokka skeletons
  8 rats
158 creatures vanquished.

Vanquished Creatures (others)
  A gnoll (D:7)
  3 spectral weapons
4 creatures vanquished.

Grand Total: 162 creatures vanquished

Notes
Turn   | Place    | Note
-------+----------+-------------------------------------------
     0 | D:1      | Leeroy the Skeleton Skald began the quest for the Orb.
     0 | D:1      | Reached XP level 1. HP: 12/12 MP: 4/4
   119 | D:1      | Reached skill level 3 in Long Blades
   218 | D:1      | Reached XP level 2. HP: 11/17 MP: 4/6
   439 | D:1      | Reached skill level 4 in Long Blades
   488 | D:1      | Reached XP level 3. HP: 21/21 MP: 7/7
  1190 | D:2      | Learned a level 2 spell: Song of Slaying
  1193 | D:2      | Learned a level 2 spell: Swiftness
  1197 | D:2      | Learned a level 3 spell: Spectral Weapon
  1485 | D:2      | Reached skill level 5 in Long Blades
  1595 | D:2      | Noticed Jessica
  1600 | D:2      | Killed Jessica
  1601 | D:2      | Reached XP level 4. HP: 22/26 MP: 6/8
  1895 | D:3      | Reached skill level 6 in Long Blades
  1911 | D:3      | Reached XP level 5. HP: 5/30 MP: 2/9
  2450 | D:3      | Reached skill level 7 in Long Blades
  3034 | D:4      | Noticed a phantom
  3054 | D:4      | Killed a phantom
  3055 | D:4      | Gained mutation: You regenerate a little health from kills.
                  | [Skeleton growth]
  3055 | D:4      | Reached XP level 6. HP: 26/35 MP: 6/10
  3056 | D:4      | Noticed a hippogriff
  3059 | D:4      | Reached skill level 8 in Long Blades
  3070 | D:4      | Killed a hippogriff
  3071 | D:4      | Reached skill level 9 in Long Blades
  3071 | D:4      | Reached skill level 1 in Hexes
  3071 | D:4      | Reached XP level 7. HP: 33/40 MP: 1/11
  4259 | D:5      | Entered Level 5 of the Dungeon
  4272 | D:4      | Reached skill level 10 in Long Blades
  4527 | D:5      | Reached skill level 11 in Long Blades
  4527 | D:5      | Reached XP level 8. HP: 27/44 MP: 2/12
  4763 | D:5      | Noticed Ijyb
  4784 | D:5      | Killed Ijyb
  5494 | D:6      | Noticed Blork the orc
  5505 | D:6      | Killed Blork the orc
  5637 | D:6      | Reached skill level 12 in Long Blades
  5677 | D:6      | Noticed a hippogriff
  5680 | D:6      | Found a staircase to the Ecumenical Temple.
  5685 | D:6      | Killed a hippogriff
  5697 | D:6      | Got a scorched hand axe
  5703 | Temple   | Entered the Ecumenical Temple
  5777 | Temple   | Became a worshipper of Gozag Ym Sagoz the Greedy
  5794 | D:6      | Reached skill level 13 in Long Blades
  5825 | D:6      | Found a glowing golden altar of the Shining One.
  5977 | D:6      | Found a runed translucent gate.
  5977 | D:6      | Found a runed translucent gate.
  5977 | D:6      | Noticed Zardul's ghost (novice TrBe)
  5978 | D:6      | Found a runed translucent gate.
  6129 | D:6      | Noticed Prince Ribbit
  6146 | D:6      | Killed Prince Ribbit
  6147 | D:6      | Reached XP level 9. HP: 29/48 MP: 7/13
  6417 | D:6      | Identified the +2 hand axe of the Hungering Pariah {chop,
                  | rElec} (You found it on level 6 of the Dungeon)
  6460 | D:6      | Found a corrupted altar of Lugonu.
  6900 | D:7      | Reached skill level 14 in Long Blades
  7072 | D:7      | Slain by a crocodile
  7073 | D:7      | Reached XP level 8. HP: -5/43 MP: 0/13
  7084 | D:7      | Noticed a hippogriff
  7097 | D:7      | Killed a hippogriff
  7225 | D:7      | Noticed a hornet
  7235 | D:7      | Killed a hornet
  7598 | D:7      | Reached XP level 9. HP: 48/48 MP: 19/21
  7607 | D:7      | Noticed a troll
  7619 | D:7      | Killed a troll
  8117 | D:7      | Noticed a komodo dragon
  8132 | D:7      | Reached skill level 10 in Spellcasting
  8350 | D:7      | Found a staircase to the Lair.
  8362 | D:7      | Slain by a komodo dragon
  8363 | D:7      | Reached XP level 8. HP: -3/44 MP: 0/22
  8505 | D:7      | Killed a komodo dragon
  8649 | Lair:1   | Entered Level 1 of the Lair of Beasts
  8783 | Lair:1   | Noticed a hippogriff
  8791 | Lair:1   | Killed a hippogriff
  8792 | Lair:1   | Reached XP level 9. HP: 43/48 MP: 21/24
  8898 | Lair:1   | Slain by a yak

Skill      XL: |  1  2  3  4  5  6  7  8  9 |
---------------+----------------------------+-----
Long Blades    | 3 4 5 6 7 9 11 13 14 | 14.0
Hexes          | 1 |  1.2
Spellcasting   | 11 10 | 11.3
Fighting       | |  2.0
Armour         | |  1.1
Dodging        | |  2.0
Charms         | |  3.2

Action                   |  1- 3 |  4- 6 |  7- 9 || total
-------------------------+-------+-------+-------++-------
Melee: Long sword        |   133 |    67 |       ||   200
       Falchion          |       |    34 |   467 ||   501
 Cast: Infusion          |     2 |       |       ||     2
       Spectral Weapon   |       |     3 |    16 ||    19
       Song of Slaying   |       |       |     3 ||     3
  Use: Scroll            |     1 |     3 |     4 ||     8
 Stab: Distracted        |       |       |     4 ||     4
       Confused          |       |       |     1 ||     1
Armor: Leather armour    |    25 |       |       ||    25
       Scale mail        |    13 |    36 |     8 ||    57
       Ring mail         |       |       |    96 ||    96
Dodge: Dodged            |    93 |    50 |   158 ||   301
Block: Other             |       |     1 |    56 ||    57
